 Dungeon Crawl Stone Soup version 0.22-a0-619-ga0c6fd2 (webtiles) character file.

7212 Gildeon the Basher (level 10, -22/81 HPs)
             Began as a Minotaur Fighter on July 14, 2018.
             Was a Priest of Qazlal.
             Annihilated by a two-headed ogre
             ... wielding a +0 giant spiked club
              (25 damage)
             ... on level 10 of the Dungeon.
             The game lasted 00:26:41 (7641 turns).

Gildeon the Basher (Minotaur Fighter)               Turns: 7641, Time: 00:26:42

Health: -22/81     AC: 19    Str: 20    XL:     10   Next: 87%
Magic:  14/14      EV: 14    Int:  7    God:    Qazlal [***...]
Gold:   423        SH:  4    Dex: 17    Spells: 4/16 levels left

rFire    + . .     SeeInvis .   t - +0 dire flail
rCold    + . .     Gourm    .   (shield currently unavailable)
rNeg     . . .     Faith    .   B - +1 plate armour
rPois    .         Spirit   .   s - +2 hat
rElec    .         Reflect  .   v - +0 cloak
rCorr    .         Harm     +   (no gloves)
MR       .....                  k - +2 pair of boots
Stlth    ..........             o - amulet of harm
HPRegen  0.23/turn              r - ring of protection from fire
MPRegen  0.14/turn              u - ring of protection from cold

@: agile
A: retaliatory headbutt, horns 2
a: Upheaval, Elemental Force, Renounce Religion


You were on level 10 of the Dungeon.
You worshipped Qazlal.
Qazlal was most pleased with you.
You were not hungry.

You visited 2 branches of the dungeon, and saw 11 of its levels.

You collected 423 gold pieces.

Inventory:

Hand Weapons
 t - a +0 dire flail (weapon)
Armour
 j - a scarf of repulsion
 k - a +2 pair of boots (worn)
 s - a +2 hat (worn)
 v - a +0 cloak (worn)
 B - a +1 plate armour (worn)
Jewellery
 m - an uncursed ring of fire
 o - an amulet of harm (around neck)
 r - a ring of protection from fire (left hand)
 u - a ring of protection from cold (right hand)
Wands
 h - a wand of iceblast (8)
 l - a wand of random effects (4)
 w - a wand of paralysis (32)
Scrolls
 c - 9 scrolls of remove curse
 g - 5 scrolls of amnesia
 q - 8 scrolls of teleportation
 y - 2 scrolls of identify
Potions
 b - 3 potions of magic
 d - a potion of might
 e - a potion of haste
 i - a potion of curing
 n - 3 potions of ambrosia
 z - a potion of mutation {unknown}
 A - 2 potions of flight
Comestibles
 f - 17 rations


   Skills:
 - Level 5.0 Fighting
 * Level 13.6 Maces & Flails
 - Level 5.0 Armour
 - Level 5.5 Dodging
   Level 3.6 Shields
 + Level 3.6 Spellcasting
 + Level 1.6 Charms
 - Level 5.1 Invocations
 - Level 5.0 Evocations


You had 4 spell levels left.
You knew the following spells:

 Your Spells              Type           Power        Failure   Level  Hunger
a - Infusion              Chrm           #...         99%         1    ##.....
b - Song of Slaying       Chrm           #.......     100%        2    ###....
c - Shroud of Golubria    Chrm/Tloc      #.........   100%        2    ###....
d - Blink                 Tloc           N/A          100%        2    ###....
e - Slow                  Hex            #.......     100%        2    ###....
f - Confuse               Hex            #.......     100%        3    ####...

Your spell library contained the following spells:

 Spells                   Type           Power        Failure   Level  Hunger
 Magic Dart               Conj           #...         100%        1    ##.....
 Conjure Flame            Conj/Fire      #.......     100%        3    ####...
 Mephitic Cloud           Conj/Pois/Air  #.......     100%        3    ####...
 Iskenderun's Mystic Bla  Conj           #.......     100%        4    #####..
 Animate Dead             Necr           N/A          100%        4    #####..
 Pain                     Necr           #...         100%        1    ##.....
 Animate Skeleton         Necr           N/A          100%        1    ##.....
 Vampiric Draining        Necr           #.........   100%        3    ####...
 Call Imp                 Summ           #.......     100%        2    ###....
 Regeneration             Chrm/Necr      #.........   100%        3    ####...
 Confusing Touch          Hex            #.....       100%        1    ##.....
 Metabolic Englaciation   Hex/Ice        #.........   100%        5    ######.
 Petrify                  Tmut/Erth      #.......     100%        4    #####..
 Fulminant Prism          Conj/Hex       #.........   100%        4    #####..
 Dazzling Spray           Conj/Hex       #.....       100%        3    ####...
 Force Lance              Conj/Tloc      #.......     100%        4    #####..
 Spectral Weapon          Hex/Chrm       #.......     100%        3    ####...
 Searing Ray              Conj           #.....       100%        2    ###....
 Gell's Gravitas          Tloc           #.........   100%        3    ####...
 Yara's Violent Unravell  Hex/Tmut       #.........   100%        5    ######.


Dungeon Overview and Level Annotations

Branches:
Dungeon (10/15)            Temple (1/1) D:4
   Lair: D:8-11         Orc: D:9-12

Altars:
Ashenzari
Cheibriados
Dithmenos
Elyvilon
Fedhas
Gozag
Hepliaklqana
Kikubaaqudgha
Makhleb
Nemelex Xobeh
Okawaru
Qazlal
Ru
Sif Muna
Trog
Uskayaw
Vehumet
Wu Jian
Xom
Yredelemnul
Zin
The Shining One

Shops:
D:7 }


Innate Abilities, Weirdness & Mutations

You reflexively headbutt those who attack you in melee.
You have a pair of horns on your head.


Message History

Your plate armour prevents you from hitting the two-headed ogre.
The two-headed ogre is heavily wounded.
The two-headed ogre hits you with a giant spiked club!
* * * LOW HITPOINT WARNING * * *
The two-headed ogre hits you with a giant spiked club!
* * * LOW HITPOINT WARNING * * *
Your plate armour prevents you from hitting the two-headed ogre.
The two-headed ogre is heavily wounded.
You barely miss the two-headed ogre.
The two-headed ogre is heavily wounded.
It was a potion of agility.
You feel agile all of a sudden. The two-headed ogre misses you.
You furiously retaliate!
You headbutt the two-headed ogre.
The two-headed ogre hits you but does no damage.
You puncture the two-headed ogre!
You headbutt the two-headed ogre, but do no damage.
The two-headed ogre is almost dead.
The two-headed ogre hits you with a giant spiked club!!
You die...

#.. #.#
#.###.#######
#............
##<####
#.#####.....#
#.......†...#
...#######o†...#
#.....@Oho.#.##
############.#
.. ... ..


You could see a two-headed ogre, a wolf and 2 orcs.

Vanquished Creatures
  3 two-headed ogres
  An ugly thing (D:9)
  Joseph (D:7)
  3 wraiths
  7 yaks (D:10)
  3 orc warriors
  An ice beast (D:5)
  2 sky beasts
  A black bear (D:8)
  3 ogres
  A phantom (D:7)
  2 centaurs
  2 big kobolds (D:5)
  A bullfrog (D:10)
  A wyvern skeleton (D:8)
  A scorpion (D:6)
  A troll zombie (D:8)
  4 wights (D:8)
  4 howler monkeys
  4 crimson imps
  3 orc priests
  6 orc wizards
  3 bullfrog skeletons
  3 human zombies (D:8)
  A gnoll shaman (D:6)
  A hound (D:4)
  2 human skeletons (D:8)
  4 jellies
  2 centaur skeletons
  An iguana (D:7)
  5 worker ants
  An ogre skeleton (D:8)
  2 hound skeletons
  2 mummies (D:8)
  6 adders
  3 gnolls (D:6)
  A shadow imp (D:9)
  An ooze (D:7)
  An adder zombie (D:5)
  An adder skeleton (D:8)
  A worm (D:6)
  3 dart slugs
  4 leopard geckos
  24 orcs
  3 bats
  6 giant cockroaches
  10 goblins
  10 hobgoblins
  15 jackals
  3 quokkas
  9 frilled lizards
  11 kobolds
  A leopard gecko zombie (D:7)
  An orc zombie (D:8)
  7 rats
203 creatures vanquished.

Notes
Turn   | Place    | Note
-------+----------+-------------------------------------------
     0 | D:1      | Gildeon the Minotaur Fighter began the quest for the Orb.
     0 | D:1      | Reached XP level 1. HP: 19/19 MP: 0/0
   166 | D:1      | Reached XP level 2. HP: 27/27 MP: 1/1
   243 | D:1      | Reached skill level 3 in Maces & Flails
   344 | D:1      | Reached skill level 1 in Dodging
   717 | D:2      | Reached XP level 3. HP: 33/33 MP: 2/2
   910 | D:2      | Learned a level 2 spell: Blink
  1290 | D:2      | Reached XP level 4. HP: 39/40 MP: 3/3
  1773 | D:3      | Reached skill level 4 in Maces & Flails
  2067 | D:4      | Found a staircase to the Ecumenical Temple.
  2139 | D:4      | Reached XP level 5. HP: 46/47 MP: 4/4
  2204 | D:4      | Learned a level 2 spell: Slow
  2433 | Temple   | Entered the Ecumenical Temple
  2459 | Temple   | Became a worshipper of Qazlal Stormbringer
  3093 | D:5      | Entered Level 5 of the Dungeon
  3096 | D:5      | Noticed an ice beast
  3109 | D:5      | Killed an ice beast
  3109 | D:5      | Reached skill level 5 in Maces & Flails
  3109 | D:5      | Reached XP level 6. HP: 44/55 MP: 5/5
  3146 | D:5      | Reached skill level 5 in Fighting
  3146 | D:5      | Reached skill level 5 in Armour
  3225 | D:5      | Found an iron altar of Okawaru.
  3228 | D:5      | Found a sacrificial altar of Ru.
  3231 | D:5      | Found a burning altar of Makhleb.
  3245 | D:5      | Found a snail-covered altar of Cheibriados.
  3398 | D:5      | Reached skill level 6 in Maces & Flails
  3398 | D:5      | Reached skill level 1 in Invocations
  3433 | D:5      | Reached XP level 7. HP: 46/61 MP: 7/7
  3810 | D:5      | Reached skill level 7 in Maces & Flails
  3882 | D:5      | Learned a level 1 spell: Infusion
  4014 | D:6      | Reached * piety under Qazlal
  4017 | D:6      | Reached XP level 8. HP: 68/68 MP: 9/9
  4059 | D:6      | Identified a scroll of acquirement
  4115 | D:6      | Reached skill level 8 in Maces & Flails
  4581 | D:6      | Found a stormy altar of Qazlal.
  4582 | D:6      | Noticed an air elemental
  4672 | D:7      | Noticed Joseph
  4680 | D:7      | Killed Joseph
  4680 | D:7      | Reached skill level 9 in Maces & Flails
  4680 | D:7      | Reached skill level 5 in Dodging
  4888 | D:7      | Found Buluicee's Gadget Shop.
  4914 | D:7      | Reached skill level 1 in Evocations
  5078 | D:7      | Reached ** piety under Qazlal
  5125 | D:7      | Learned a level 2 spell: Song of Slaying
  5166 | D:7      | Found an ancient bone altar of Kikubaaqudgha.
  5236 | D:7      | Found a glowing silver altar of Zin.
  5334 | D:8      | Noticed a two-headed ogre
  5348 | D:8      | Killed a two-headed ogre
  5348 | D:8      | Reached skill level 10 in Maces & Flails
  5348 | D:8      | Reached skill level 5 in Invocations
  5348 | D:8      | Reached XP level 9. HP: 52/74 MP: 11/11
  5635 | D:8      | Reached skill level 11 in Maces & Flails
  5679 | D:8      | Reached skill level 1 in Spellcasting
  5688 | D:8      | Learned a level 2 spell: Shroud of Golubria
  5736 | D:8      | Noticed a two-headed ogre
  5747 | D:8      | Killed a two-headed ogre
  5781 | D:8      | Reached XP level 10. HP: 62/81 MP: 12/12
  5800 | D:8      | Reached skill level 12 in Maces & Flails
  6503 | D:8      | Found a basalt altar of Yredelemnul.
  6565 | D:8      | Reached *** piety under Qazlal
  6671 | D:8      | Learned a level 3 spell: Confuse
  6845 | D:9      | Noticed a brown ugly thing
  6854 | D:9      | Killed a brown ugly thing
  6872 | D:9      | Noticed a two-headed ogre
  6883 | D:9      | Killed a two-headed ogre
  6883 | D:9      | Reached skill level 5 in Evocations
  7222 | D:9      | Reached skill level 13 in Maces & Flails
  7555 | D:10     | Entered Level 10 of the Dungeon
  7582 | D:10     | Reached skill level 1 in Charms
  7600 | D:10     | Noticed a two-headed ogre
  7637 | D:10     | HP: 2/81 [two-headed ogre/giant spiked club (13)]
  7641 | D:10     | Annihilated by a two-headed ogre

Vault maps used:
D:1:      lemuel_arrival_rhombus
D:2:      minmay_cut_off
D:3:      minmay_tree_intersection, grunt_decor_resistance
D:4:      minmay_temple_entry_statues, first_ration
D:5:      cheibrodos_thug_alley, grunt_temple_overflow_cloverleaf
D:6:      nicolae_qazlal_style_of_elements
D:7:      kiku_gazebo_pond_becter, lemuel_round_altar, serial_shops, shop,
          uniq_joseph
D:8:      lemuel_mausoleum_altar_yredelemnul
D:9:      kennysheep_generic_room_13
D:10:     erik_lair_island, uniq_erica, uniq_snorg
Temple:   regret_index_temple_sphere_string

Skill      XL: |  1  2  3  4  5  6  7  8  9 10 |
---------------+-------------------------------+-----
Maces & Flails | 3 4 5 6 7 10 11 13 | 13.6
Dodging        | 1 2 3 4 5 |  5.5
Fighting       | 4 5 |  5.0
Armour         | 4 5 |  5.0
Invocations    | 1 3 5 |  5.1
Evocations     | 2 4 5 |  5.0
Spellcasting   | 2 3 |  3.6
Charms         | 1 |  1.6
Shields        | |  3.6

Action                   |  1- 3 |  4- 6 |  7- 9 | 10-12 || total
-------------------------+-------+-------+-------+-------++-------
Melee: Flail             |    94 |    95 |   109 |       ||   298
       Headbutt          |    13 |    22 |    47 |    45 ||   127
       Dire flail        |       |       |    96 |   185 ||   281
Evoke: Wand              |       |     9 |       |       ||     9
  Use: Scroll            |     2 |    12 |     7 |     3 ||    24
       Potion            |       |       |     3 |     2 ||     5
  Eat: Chunk             |     1 |     4 |     4 |     2 ||    11
       Ration            |       |     1 |     1 |     1 ||     3
Armor: Scale mail        |    54 |    60 |    39 |       ||   153
       Chain mail        |       |       |    39 |     4 ||    43
       Plate armour      |       |       |       |    59 ||    59
Dodge: Dodged            |    61 |    63 |   102 |    45 ||   271
Block: Other             |       |       |    12 |    11 ||    23

Table legend:
 A = Spawn XP
 B = Non-spawn XP
 C = Spawn XP percentage of total XP
 D = Spawn monster count
 E = Non-spawn monster count
 F = Spawn count percentage of total count
 G = Total turns spent on level
                    A         B        C        D         E        F      G
               +---------+---------+-------+---------+---------+-------+---------
         Total |       0 |   10303 |   0.0 |       0 |     203 |   0.0 |  7641
               +---------+---------+-------+---------+---------+-------+---------
           D:1 |       0 |      40 |   0.0 |       0 |      23 |   0.0 |   710
           D:2 |       0 |      59 |   0.0 |       0 |      27 |   0.0 |   666
           D:3 |       0 |      34 |   0.0 |       0 |      16 |   0.0 |   496
           D:4 |       0 |     106 |   0.0 |       0 |       7 |   0.0 |  1069
           D:5 |       0 |     989 |   0.0 |       0 |      30 |   0.0 |   881
           D:6 |       0 |     553 |   0.0 |       0 |      25 |   0.0 |   698
           D:7 |       0 |     806 |   0.0 |       0 |      14 |   0.0 |   662
           D:8 |       0 |    4077 |   0.0 |       0 |      44 |   0.0 |  1360
           D:9 |       0 |    1727 |   0.0 |       0 |       6 |   0.0 |   861
          D:10 |       0 |    1912 |   0.0 |       0 |      11 |   0.0 |    86
               +---------+---------+-------+---------+---------+-------+---------
